Monsters vs Phantoms
Created - January 8, 2023 at 20:04
Goals
|
| Monsters |
1 |
0 |
0 |
1 |
| Phantoms |
3 |
0 |
0 |
3 |
|
Shots
|
| Monsters |
10 |
14 |
5 |
29 |
| Phantoms |
13 |
8 |
7 |
28 |
|
1st period
1. Monsters , Jared Knight 9 (Tony DeAngelo 21, Joakim Nordstrom 12) at 11:20
2. Phantoms , Nick Shore 13 (Brenden Kichton 3, Sven Andrighetto 8) at 13:28 (SH)
3. Phantoms , Lucas Wallmarkk 9 (Sven Andrighetto 9, Morgan Klimchuk 16) at 14:43 (PP)
4. Phantoms , Lucas Wallmarkk 10 (Sven Andrighetto 10) at 19:40
Penalties :
Joe Snively (Leh) for Holding Stick (Minor) at 12:10, Marc Michaelis (Cle) for Hooking (Minor) at 14:13, Morgan Klimchuk (Leh) for Unsportsmanlike conduct (Minor) at 15:40
2nd period
No Goal
Penalties :
Brenden Kichton (Leh) for Interference (Minor) at 6:56, Reid McNeill (Leh) for Tripping (Minor) at 10:24, Blake Heinrich (Leh) for Holding (Minor) at 18:15
3rd period
No Goal
Penalties :
Blake Heinrich (Leh) for Tripping (Minor) at 16:20
Goalie Stats
Eric Comrie (Cle), 25 saves from 28 shots - (0.893), L, 10-8-1, 60:00 minutes
Anton Forsberg (Leh), 28 saves from 29 shots - (0.966), W, 12-4-2, 60:00 minutes
Players Stats for Monsters
Player Name G A P +/- PIM S H SB GA TA FO MP PP MP PK MP
------------------------------------------------------------------------------------
Aaron Ness 0 0 0 0 0 4 3 1 0 0 0/0 26:29 7:17 0:30
Alex Schoenborn 0 0 0 0 0 0 0 0 0 1 0/0 0:30 0:04 0:00
Austin Watson 0 0 0 0 0 0 6 2 2 0 2/3 22:46 6:25 0:30
Cameron Hughes 0 0 0 0 0 0 0 0 0 0 0/0 0:00 0:00 0:00
Carl Grundstrom 0 0 0 0 0 0 0 0 0 0 0/0 15:48 0:00 0:00
Cody Glass 0 0 0 0 0 0 0 0 0 0 0/0 0:00 0:00 0:00
Dillon Heatherington 0 0 0 -1 0 0 0 1 1 0 0/0 21:38 4:37 0:00
Francis Perron 0 0 0 0 0 0 1 0 0 0 0/0 6:00 0:00 0:00
Gerald Mayhew 0 0 0 -1 0 0 0 0 0 1 0/0 18:51 5:12 0:00
Jared Knight 1 0 1 -1 0 2 2 0 0 0 3/10 18:51 5:12 0:00
Joakim Nordstrom 0 1 1 -1 0 1 3 0 0 0 0/1 19:01 5:22 0:00
Luca Sbisa 0 0 0 -1 0 2 0 1 1 2 0/0 21:38 4:37 0:00
Marc Michaelis 0 0 0 0 2 0 2 0 0 0 0/0 22:15 6:25 0:00
Maxim Mamin 0 0 0 0 0 0 0 0 0 0 0/0 0:45 0:17 0:00
Maxime Comtois 0 0 0 0 0 0 2 0 0 0 0/0 11:38 0:00 0:00
Nathan Noel 0 0 0 0 0 1 1 0 0 0 1/1 5:59 0:00 0:00
Richard Nejezchleb 0 0 0 0 0 3 0 0 0 0 1/2 11:39 0:00 0:00
Robert Thomas 0 0 0 0 0 0 1 0 0 0 0/0 2:55 0:20 0:00
Ryan Fitzgerald 0 0 0 0 0 3 0 1 0 0 3/6 11:38 0:00 0:00
Tarmo Reunanen 0 0 0 0 0 0 1 1 0 0 0/0 11:58 0:00 0:00
Tony DeAngelo 0 1 1 0 0 8 1 0 0 2 0/0 26:24 7:17 0:30
Zac Dalpe 0 0 0 0 0 5 3 0 0 1 11/24 22:46 6:25 0:30
Zachary Senyshyn 0 0 0 0 0 0 0 0 0 0 0/0 0:00 0:00 0:00
Players Stats for Phantoms
Player Name G A P +/- PIM S H SB GA TA FO MP PP MP PK MP
------------------------------------------------------------------------------------
A.J. Greer 0 0 0 0 0 0 0 0 0 0 0/0 1:04 0:00 0:47
Alex DeBrincat 0 0 0 0 0 3 0 0 0 0 0/0 20:40 0:19 6:53
Anthony Angello 0 0 0 0 0 0 0 0 0 0 0/0 1:59 0:00 1:02
Blake Heinrich 0 0 0 1 4 1 0 2 1 2 0/0 22:42 0:23 4:30
Brendan Leipsic 0 0 0 0 0 0 1 0 0 0 0/0 6:12 0:00 0:00
Brenden Kichton 0 1 1 0 2 5 0 1 0 0 0/0 17:19 0:07 4:13
Brett Murray 0 0 0 0 0 0 0 0 0 0 0/0 0:00 0:00 0:00
Cal Foote 0 0 0 0 0 1 0 0 0 0 0/0 11:12 0:00 1:20
Cristoval Nieves 0 0 0 0 0 0 0 0 0 0 2/3 6:12 0:00 0:00
David Kampf 0 0 0 0 0 0 0 0 0 0 0/0 2:58 0:00 0:00
Devon Teows 0 0 0 0 0 0 0 5 0 0 0/0 12:20 0:00 3:06
Erik Nystrom 0 0 0 0 0 0 0 1 0 0 0/0 11:33 0:00 0:00
JC Lipon 0 0 0 0 0 0 3 1 1 0 0/0 11:37 0:00 0:00
Joe Snively 0 0 0 0 2 1 0 2 1 0 1/3 11:36 0:00 0:00
Laurent Dauphin 0 0 0 0 0 0 0 0 0 0 0/0 0:40 0:00 0:00
Lucas Wallmarkk 2 0 2 0 0 5 1 0 0 0 5/10 14:21 0:11 0:00
Matt Kiersted 0 0 0 0 0 0 0 0 0 0 0/0 7:54 0:00 0:00
Michael Bournival 0 0 0 0 0 1 1 1 0 1 6/13 24:55 0:19 7:02
Mikko Lehtonen 0 0 0 0 0 0 0 0 0 0 0/0 7:54 0:00 0:00
Morgan Klimchuk 0 1 1 0 2 1 0 0 1 0 0/0 14:25 0:11 0:00
Nick Shore 1 0 1 1 0 4 3 2 1 0 12/17 18:54 0:19 4:02
Reid McNeill 0 0 0 1 2 2 1 1 2 0 0/0 23:58 0:23 5:25
Riley Stillman 0 0 0 0 0 0 0 0 0 0 0/0 0:00 0:00 0:00
Rinat Valiev 0 0 0 0 0 1 2 1 0 0 0/0 18:04 0:07 5:14
Sven Andrighetto 0 3 3 1 0 3 4 0 0 1 0/1 19:31 0:11 4:02
3 Stars
1 - Sven Andrighetto (Leh)
2 - Lucas Wallmarkk (Leh)
3 - Anton Forsberg (Leh)
Power Play
Monsters - 0 on 6 Attempt(s) - 0.00%
Phantoms - 1 on 1 Attempt(s) - 100.00%
Penalty Kill
Monsters - 0 on 1 Attempt(s) - 0.00%
- Score 0 goal in Penalty Kill
Phantoms - 6 on 6 Attempt(s) - 100.00%
- Score 1 goal in Penalty Kill
Team Stat
Monsters - Hits : 26 - Faceoff Wins : 21 - Blocked Shots : 7 - Penalty Minutes : 2
Phantoms - Hits : 16 - Faceoff Wins : 26 - Blocked Shots : 17 - Penalty Minutes : 12
Official
Referees : Brandon Schrader and Reid Anderson
Linesman : Scott Cherrey and Ryan Daisy
Game Notes
No Game Note
Finance
Level 1 -- Attendance: 1953 (97.65%) -- Ticket Income $68,355
Level 2 -- Attendance: 655 (65.50%) -- Ticket Income $13,100
Total Attendance: 2608 (86.93%)
Total Ticket Income: $81,455
Other Income: $4,073
Total Income: $85,528
Monsters
5 vs 5 Forward
Center Left Wing Right Wing Time % Phy DF OF
1 Zac Dalpe Marc Michaelis Austin Watson 40 1 2 2
2 Jared Knight Joakim Nordstrom Gerald Mayhew 30 1 2 2
3 Ryan Fitzgerald Maxime Comtois Richard Nejezchleb 20 1 2 2
4 Nathan Noel Francis Perron Carl Grundstrom 10 1 2 2
5 vs 5 Defense
Defense Defense Time % Phy DF OF
1 Tony DeAngelo Aaron Ness 40 1 2 2
2 Luca Sbisa Dillon Heatherington 30 1 2 2
3 Tarmo Reunanen Carl Grundstrom 20 1 2 2
4 Tony DeAngelo Aaron Ness 10 1 2 2
PowerPlay Forward
Center Left Wing Right Wing Time % Phy DF OF
1 Zac Dalpe Marc Michaelis Austin Watson 60 1 2 2
2 Jared Knight Joakim Nordstrom Gerald Mayhew 40 1 2 2
PowerPlay Defense
Defense Defense Time % Phy DF OF
1 Tony DeAngelo Aaron Ness 60 1 2 2
2 Luca Sbisa Dillon Heatherington 40 1 2 2
Penalty Kill 4 Players Forward
Center Wing Time % Phy DF OF
1 Zac Dalpe Austin Watson 60 1 2 2
2 Jared Knight Marc Michaelis 40 1 2 2
Penalty Kill 4 Players Defense
Defense Defense Time % Phy DF OF
1 Tony DeAngelo Aaron Ness 60 1 2 2
2 Luca Sbisa Dillon Heatherington 40 1 2 2
Penalty Kill - 3 Players Forward
Forward Time % Phy DF OF
1 Zac Dalpe 60 1 2 2
2 Austin Watson 40 1 2 2
Penalty Kill - 3 Players Defense
Defense Defense Time % Phy DF OF
1 Tony DeAngelo Aaron Ness 60 1 2 2
2 Luca Sbisa Dillon Heatherington 40 1 2 2
4 vs 4 Forward
Center Wing Time % Phy DF OF
1 Zac Dalpe Austin Watson 60 1 2 2
2 Jared Knight Marc Michaelis 40 1 2 2
4 vs 4 Defense
Defense Defense Time % Phy DF OF
1 Tony DeAngelo Aaron Ness 60 1 2 2
2 Luca Sbisa Dillon Heatherington 40 1 2 2
Last Minutes Offensive
Center Left Wing Right Wing Defense Defense
Zac Dalpe Marc Michaelis Austin Watson Tony DeAngelo Aaron Ness
Last Minutes Defensive
Center Left Wing Right Wing Defense Defense
Zac Dalpe Marc Michaelis Austin Watson Tony DeAngelo Aaron Ness
Goaltenders
Starting : Eric Comrie
Backup : Maxime Lagace
Extra Forwards
Normal : Robert Thomas, Maxim Mamin, Alex Schoenborn - PP : Robert Thomas, Maxim Mamin - PK : Alex Schoenborn
Extra Defensemen
Normal : Tarmo Reunanen, Luca Sbisa, Dillon Heatherington - PP : Tarmo Reunanen - PK : Luca Sbisa, Dillon Heatherington
Penalty Shots
Zac Dalpe, Austin Watson, Jared Knight, Marc Michaelis, Ryan Fitzgerald
Scratches
Jesse Graham (Left Foot Injury), Matt Grzelcyk (Healthy), Victor Mete (Healthy), Peyton Jones (Healthy)
Phantoms
5 vs 5 Forward
Center Left Wing Right Wing Time % Phy DF OF
1 Nick Shore Michael Bournival Alex DeBrincat 40 1 2 2
2 Lucas Wallmarkk Morgan Klimchuk Sven Andrighetto 30 1 2 2
3 Joe Snively Erik Nystrom JC Lipon 20 1 2 2
4 Cristoval Nieves Brendan Leipsic Michael Bournival 10 1 2 2
5 vs 5 Defense
Defense Defense Time % Phy DF OF
1 Reid McNeill Blake Heinrich 40 1 2 2
2 Rinat Valiev Brenden Kichton 30 1 2 2
3 Devon Teows Cal Foote 20 1 2 2
4 Mikko Lehtonen Matt Kiersted 10 1 2 2
PowerPlay Forward
Center Left Wing Right Wing Time % Phy DF OF
1 Nick Shore Michael Bournival Alex DeBrincat 60 1 2 2
2 Lucas Wallmarkk Morgan Klimchuk Sven Andrighetto 40 1 2 2
PowerPlay Defense
Defense Defense Time % Phy DF OF
1 Reid McNeill Blake Heinrich 60 1 2 2
2 Rinat Valiev Brenden Kichton 40 1 2 2
Penalty Kill 4 Players Forward
Center Wing Time % Phy DF OF
1 Michael Bournival Alex DeBrincat 60 1 2 2
2 Sven Andrighetto Nick Shore 40 1 2 2
Penalty Kill 4 Players Defense
Defense Defense Time % Phy DF OF
1 Reid McNeill Blake Heinrich 60 1 2 2
2 Rinat Valiev Brenden Kichton 40 1 2 2
Penalty Kill - 3 Players Forward
Forward Time % Phy DF OF
1 Michael Bournival 60 1 2 2
2 Alex DeBrincat 40 1 2 2
Penalty Kill - 3 Players Defense
Defense Defense Time % Phy DF OF
1 Reid McNeill Blake Heinrich 60 1 2 2
2 Rinat Valiev Brenden Kichton 40 1 2 2
4 vs 4 Forward
Center Wing Time % Phy DF OF
1 Michael Bournival Alex DeBrincat 60 1 2 2
2 Sven Andrighetto Nick Shore 40 1 2 2
4 vs 4 Defense
Defense Defense Time % Phy DF OF
1 Reid McNeill Blake Heinrich 60 1 2 2
2 Rinat Valiev Brenden Kichton 40 1 2 2
Last Minutes Offensive
Center Left Wing Right Wing Defense Defense
Nick Shore Michael Bournival Alex DeBrincat Reid McNeill Blake Heinrich
Last Minutes Defensive
Center Left Wing Right Wing Defense Defense
Nick Shore Michael Bournival Alex DeBrincat Reid McNeill Blake Heinrich
Goaltenders
Starting : Anton Forsberg
Backup : Zachary Fucale
Extra Forwards
Normal : David Kampf, Laurent Dauphin, Anthony Angello - PP : David Kampf, Laurent Dauphin - PK : Anthony Angello
Extra Defensemen
Normal : Riley Stillman, Devon Teows, Cal Foote - PP : Riley Stillman - PK : Devon Teows, Cal Foote
Penalty Shots
Michael Bournival, Alex DeBrincat, Sven Andrighetto, Nick Shore, Morgan Klimchuk
Scratches
Cooper Marody (Healthy), Nick Sorensen (Herniated Disc Injury), Victor Berglund (Healthy), Fabian Zetterlund (Healthy), Jason Kasdorf (Healthy)
Zachary Sawchenko (Healthy)
% Time on Ice - Monsters
Lines # - Real PCT - Wanted PCT - Time Play
Normal Forward
1 - 34% - 40% - 16:20
2 - 29% - 30% - 13:39
3 - 24% - 20% - 11:38
4 - 13% - 10% - 5:59
Normal Defense
1 - 36% - 40% - 17:05
2 - 36% - 30% - 17:01
3 - 27% - 20% - 12:38
4 - 2% - 10% - 0:52
PP Forward
1 - 54% - 60% - 6:29
2 - 46% - 40% - 5:25
PP Defense
1 - 61% - 60% - 7:17
2 - 39% - 40% - 4:37
PK Forward
1 - 100% - 60% - 0:30
2 - 0% - 40% - 0:00
PK Defense
1 - 100% - 60% - 0:30
2 - 0% - 40% - 0:00
PK3 Forward
1 - 0% - 60%
2 - 0% - 40%
PK3 Defense
1 - 0% - 60%
2 - 0% - 40%
44 Forward
1 - 0% - 60%
2 - 0% - 40%
44 Defense
1 - 0% - 60%
2 - 0% - 40%
Last Minute Offensive - 0:00
Last Minute Defensive - 0:00
Total
Forward - 60:00
Defense - 60:00
|
% Time on Ice - Phantoms
Lines # - Real PCT - Wanted PCT - Time Play
Normal Forward
1 - 30% - 40% - 14:14
2 - 33% - 30% - 15:37
3 - 24% - 20% - 11:33
4 - 13% - 10% - 6:12
Normal Defense
1 - 38% - 40% - 18:11
2 - 27% - 30% - 12:43
3 - 18% - 20% - 8:48
4 - 17% - 10% - 7:54
PP Forward
1 - 63% - 60% - 0:19
2 - 37% - 40% - 0:11
PP Defense
1 - 77% - 60% - 0:23
2 - 23% - 40% - 0:07
PK Forward
1 - 66% - 60% - 7:52
2 - 34% - 40% - 4:02
PK Defense
1 - 56% - 60% - 6:40
2 - 44% - 40% - 5:14
PK3 Forward
1 - 0% - 60%
2 - 0% - 40%
PK3 Defense
1 - 0% - 60%
2 - 0% - 40%
44 Forward
1 - 0% - 60%
2 - 0% - 40%
44 Defense
1 - 0% - 60%
2 - 0% - 40%
Last Minute Offensive - 0:00
Last Minute Defensive - 0:00
Total
Forward - 60:00
Defense - 60:00
|
Play-by-Play
1st period
0:01 of 1st period - Nick Shore wins face-off versus Zac Dalpe in neutral zone.
0:28 of 1st period - Snap shot by Tony DeAngelo.
0:28 of 1st period - Stopped by Anton Forsberg with a rebound.
0:30 of 1st period - Snap shot by Tony DeAngelo.
0:30 of 1st period - Stopped by Anton Forsberg without a rebound.
0:31 of 1st period - Lucas Wallmarkk wins face-off versus Jared Knight in Phantoms zone.
0:38 of 1st period - Joakim Nordstrom is hit by Sven Andrighetto and loses puck.
0:43 of 1st period - Snap shot by Sven Andrighetto.
0:43 of 1st period - Shot Misses the Net.
0:45 of 1st period - Slapshot by Rinat Valiev.
0:45 of 1st period - Shot Misses the Net.
0:47 of 1st period - Slapshot by Rinat Valiev.
0:47 of 1st period - Deflect By Luca Sbisa.
0:47 of 1st period - Stopped by Eric Comrie with a rebound.
0:49 of 1st period - Snap shot by Brenden Kichton.
0:49 of 1st period - Shot Misses the Net.
0:51 of 1st period - Slapshot by Brenden Kichton.
0:51 of 1st period - Stopped by Eric Comrie without a rebound.
0:52 of 1st period - Richard Nejezchleb wins face-off versus Joe Snively in Monsters zone.
0:59 of 1st period - Snap shot by Joe Snively.
0:59 of 1st period - Shot Blocked by Tarmo Reunanen.
3:42 of 1st period - Slapshot by Aaron Ness.
3:42 of 1st period - Stopped by Anton Forsberg with a rebound.
4:16 of 1st period - Wrist shot by Joe Snively.
4:16 of 1st period - Shot Blocked by Ryan Fitzgerald.
4:18 of 1st period - Slapshot by Brenden Kichton.
4:18 of 1st period - Deflect By Dillon Heatherington.
4:18 of 1st period - Stopped by Eric Comrie with a rebound.
4:28 of 1st period - Alex DeBrincat is hit by Austin Watson.
4:55 of 1st period - Cristoval Nieves is hit by Joakim Nordstrom and loses puck.
5:35 of 1st period - Sven Andrighetto is hit by Robert Thomas and loses puck.
5:52 of 1st period - Snap shot by Nick Shore.
5:52 of 1st period - Stopped by Eric Comrie without a rebound.
5:53 of 1st period - Nick Shore wins face-off versus Ryan Fitzgerald in Monsters zone.
5:56 of 1st period - Wrist shot by Nick Shore.
5:56 of 1st period - Shot Misses the Net.
5:58 of 1st period - Slapshot by Brenden Kichton.
5:58 of 1st period - Stopped by Eric Comrie with a rebound.
6:00 of 1st period - Wrist shot by Alex DeBrincat.
6:00 of 1st period - Shot Misses the Net.
6:10 of 1st period - Luca Sbisa is hit by Lucas Wallmarkk and loses puck.
7:24 of 1st period - Wrist shot by Carl Grundstrom.
7:24 of 1st period - Shot Blocked by Erik Nystrom.
7:40 of 1st period - Snap shot by Aaron Ness.
7:40 of 1st period - Deflect By Sven Andrighetto.
7:40 of 1st period - Stopped by Anton Forsberg with a rebound.
8:16 of 1st period - Erik Nystrom is hit by Maxime Comtois and loses puck.
8:21 of 1st period - Snap shot by Aaron Ness.
8:21 of 1st period - Stopped by Anton Forsberg without a rebound.
8:22 of 1st period - Austin Watson wins face-off versus Lucas Wallmarkk in Phantoms zone.
8:52 of 1st period - Dillon Heatherington is hit by Michael Bournival and loses puck.
9:09 of 1st period - Erik Nystrom is hit by Nathan Noel and loses puck.
10:36 of 1st period - Wrist shot by Lucas Wallmarkk.
10:36 of 1st period - Stopped by Eric Comrie without a rebound.
10:37 of 1st period - Nick Shore wins face-off versus Jared Knight in Monsters zone.
10:46 of 1st period - Wrist shot by Alex DeBrincat.
10:46 of 1st period - Shot Misses the Net.
10:50 of 1st period - Wrist shot by Nick Shore.
10:50 of 1st period - Shot Blocked by Dillon Heatherington.
11:02 of 1st period - Gerald Mayhew is hit by Sven Andrighetto and loses puck.
11:18 of 1st period - Wrist shot by Jared Knight.
11:18 of 1st period - Stopped by Anton Forsberg with a rebound.
11:20 of 1st period - Snap shot by Jared Knight.
11:20 of 1st period - Goal by Jared Knight - Monsters : 1 - Phantoms : 0.
11:21 of 1st period - Zac Dalpe wins face-off versus Nick Shore in neutral zone.
11:28 of 1st period - Reid McNeill is hit by Marc Michaelis and loses puck.
11:37 of 1st period - Snap shot by Zac Dalpe.
11:37 of 1st period - Shot Blocked by Reid McNeill.
12:10 of 1st period - Minor Penalty to Joe Snively for Holding Stick.
12:11 of 1st period - Michael Bournival wins face-off versus Zac Dalpe in Phantoms zone.
12:11 of 1st period - Michael Bournival is hit by Aaron Ness.
12:47 of 1st period - Backhand shot by Jared Knight.
12:47 of 1st period - Shot Misses the Net.
12:49 of 1st period - Slapshot by Tony DeAngelo.
12:49 of 1st period - Stopped by Anton Forsberg with a rebound.
13:00 of 1st period - Icing by Dillon Heatherington.
13:01 of 1st period - Zac Dalpe wins face-off versus Michael Bournival in Monsters zone.
13:22 of 1st period - Slapshot by Sven Andrighetto.
13:22 of 1st period - Shot Misses the Net.
13:24 of 1st period - Wrist shot by Sven Andrighetto.
13:24 of 1st period - Shot Misses the Net.
13:26 of 1st period - Slapshot by Brenden Kichton.
13:26 of 1st period - Deflect By Joakim Nordstrom.
13:26 of 1st period - Stopped by Eric Comrie with a rebound.
13:28 of 1st period - Snap shot by Nick Shore.
13:28 of 1st period - Goal by Nick Shore - Monsters : 1 - Phantoms : 1.
13:29 of 1st period - Zac Dalpe wins face-off versus Michael Bournival in neutral zone.
13:32 of 1st period - Alex DeBrincat is hit by Zac Dalpe and loses puck.
14:04 of 1st period - Off-side.
14:05 of 1st period - Zac Dalpe wins face-off versus Sven Andrighetto in neutral zone.
14:10 of 1st period - Penalty to Joe Snively is over, Joe Snively is back on ice.
14:13 of 1st period - Minor Penalty to Marc Michaelis for Hooking.
14:14 of 1st period - Zac Dalpe wins face-off versus Nick Shore in Monsters zone.
14:41 of 1st period - Snap shot by Lucas Wallmarkk.
14:41 of 1st period - Deflect By Sven Andrighetto.
14:41 of 1st period - Stopped by Eric Comrie with a rebound.
14:43 of 1st period - Wrist shot by Lucas Wallmarkk.
14:43 of 1st period - Goal by Lucas Wallmarkk - Monsters : 1 - Phantoms : 2.
14:44 of 1st period - Nick Shore wins face-off versus Zac Dalpe in neutral zone.
14:59 of 1st period - Wrist shot by Alex DeBrincat.
14:59 of 1st period - Stopped by Eric Comrie without a rebound.
15:00 of 1st period - Nick Shore wins face-off versus Jared Knight in Monsters zone.
15:40 of 1st period - Minor Penalty to Morgan Klimchuk for Unsportsmanlike conduct.
15:41 of 1st period - Austin Watson wins face-off versus Michael Bournival in Phantoms zone.
15:57 of 1st period - Snap shot by Zac Dalpe.
15:57 of 1st period - Stopped by Anton Forsberg without a rebound.
15:58 of 1st period - Jared Knight wins face-off versus Michael Bournival in Phantoms zone.
16:37 of 1st period - Snap shot by Marc Michaelis.
16:37 of 1st period - Shot Misses the Net.
17:09 of 1st period - Marc Michaelis is hit by Rinat Valiev and loses puck.
17:40 of 1st period - Penalty to Morgan Klimchuk is over, Morgan Klimchuk is back on ice.
17:48 of 1st period - Snap shot by Alex DeBrincat.
17:48 of 1st period - Stopped by Eric Comrie with a rebound.
17:54 of 1st period - Snap shot by Richard Nejezchleb.
17:54 of 1st period - Stopped by Anton Forsberg without a rebound.
17:55 of 1st period - Ryan Fitzgerald wins face-off versus Joe Snively in Phantoms zone.
17:56 of 1st period - Slapshot by Tony DeAngelo.
17:56 of 1st period - Shot Blocked by Joe Snively.
18:09 of 1st period - Cal Foote is hit by Tony DeAngelo and loses puck.
19:40 of 1st period - Wrist shot by Lucas Wallmarkk.
19:40 of 1st period - Goal by Lucas Wallmarkk - Monsters : 1 - Phantoms : 3.
19:41 of 1st period - Zac Dalpe wins face-off versus Nick Shore in neutral zone.
19:49 of 1st period - Off-side.
19:50 of 1st period - Nick Shore wins face-off versus Zac Dalpe in neutral zone.
19:55 of 1st period - Slapshot by Reid McNeill.
19:55 of 1st period - Deflect By Nick Shore.
19:55 of 1st period - Shot Blocked by Aaron Ness.
19:55 of 1st period - Puck is out of play.
19:56 of 1st period - Nick Shore wins face-off versus Zac Dalpe in Monsters zone.
19:57 of 1st period - Wrist shot by Michael Bournival.
19:57 of 1st period - Shot Hit the Post.
Goals for this period are 1 for Monsters vs 3 for Phantoms.
Shots for this period are 10 for Monsters vs 13 for Phantoms.
2nd period
0:01 of 2nd period - Nick Shore wins face-off versus Zac Dalpe in neutral zone.
0:04 of 2nd period - Wrist shot by Nick Shore.
0:04 of 2nd period - Shot Misses the Net.
0:06 of 2nd period - Slapshot by Brenden Kichton.
0:06 of 2nd period - Stopped by Eric Comrie without a rebound.
0:07 of 2nd period - Nick Shore wins face-off versus Zac Dalpe in Monsters zone.
1:13 of 2nd period - Wrist shot by Zac Dalpe.
1:13 of 2nd period - Shot Blocked by Nick Shore.
1:23 of 2nd period - Slapshot by Zac Dalpe.
1:23 of 2nd period - Shot Blocked by Michael Bournival.
1:25 of 2nd period - Slapshot by Tony DeAngelo.
1:25 of 2nd period - Shot Blocked by Brenden Kichton.
1:27 of 2nd period - Snap shot by Marc Michaelis.
1:27 of 2nd period - Shot Misses the Net.
1:45 of 2nd period - Wrist shot by Alex DeBrincat.
1:45 of 2nd period - Deflect By Aaron Ness.
1:45 of 2nd period - Shot Blocked by Austin Watson.
1:45 of 2nd period - Puck is out of play.
1:46 of 2nd period - Lucas Wallmarkk wins face-off versus Jared Knight in Monsters zone.
2:11 of 2nd period - Joakim Nordstrom is hit by Reid McNeill and loses puck.
2:51 of 2nd period - Brendan Leipsic is hit by Joakim Nordstrom and loses puck.
3:10 of 2nd period - Slapshot by Luca Sbisa.
3:10 of 2nd period - Stopped by Anton Forsberg without a rebound.
3:11 of 2nd period - Ryan Fitzgerald wins face-off versus Lucas Wallmarkk in Phantoms zone.
3:40 of 2nd period - Wrist shot by Robert Thomas.
3:40 of 2nd period - Shot Blocked by Joe Snively.
3:42 of 2nd period - Wrist shot by Carl Grundstrom.
3:42 of 2nd period - Deflect By Francis Perron.
3:42 of 2nd period - Shot Blocked by JC Lipon.
3:42 of 2nd period - Puck is out of play.
3:43 of 2nd period - Ryan Fitzgerald wins face-off versus Lucas Wallmarkk in Phantoms zone.
4:54 of 2nd period - Snap shot by Richard Nejezchleb.
4:54 of 2nd period - Shot Misses the Net.
4:56 of 2nd period - Snap shot by Ryan Fitzgerald.
4:56 of 2nd period - Shot Blocked by Devon Teows.
5:06 of 2nd period - Nathan Noel is hit by Brendan Leipsic and loses puck.
5:31 of 2nd period - Marc Michaelis is hit by JC Lipon and loses puck.
5:36 of 2nd period - Snap shot by Joe Snively.
5:36 of 2nd period - Shot Misses the Net.
6:00 of 2nd period - Off-side.
6:01 of 2nd period - Lucas Wallmarkk wins face-off versus Richard Nejezchleb in neutral zone.
6:06 of 2nd period - Slapshot by Reid McNeill.
6:06 of 2nd period - Stopped by Eric Comrie with a rebound.
6:08 of 2nd period - Snap shot by Morgan Klimchuk.
6:08 of 2nd period - Stopped by Eric Comrie with a rebound.
6:10 of 2nd period - Slapshot by Reid McNeill.
6:10 of 2nd period - Stopped by Eric Comrie without a rebound.
6:11 of 2nd period - Nick Shore wins face-off versus Zac Dalpe in Monsters zone.
6:22 of 2nd period - Nick Shore is hit by Austin Watson and loses puck.
6:47 of 2nd period - Snap shot by Blake Heinrich.
6:47 of 2nd period - Stopped by Eric Comrie without a rebound.
6:48 of 2nd period - Zac Dalpe wins face-off versus Nick Shore in Monsters zone.
6:56 of 2nd period - Minor Penalty to Brenden Kichton for Interference.
6:57 of 2nd period - Zac Dalpe wins face-off versus Michael Bournival in Phantoms zone.
7:02 of 2nd period - Slapshot by Tony DeAngelo.
7:02 of 2nd period - Stopped by Anton Forsberg without a rebound.
7:03 of 2nd period - Michael Bournival wins face-off versus Zac Dalpe in Phantoms zone.
8:56 of 2nd period - Penalty to Brenden Kichton is over, Brenden Kichton is back on ice.
9:12 of 2nd period - Wrist shot by Joakim Nordstrom.
9:12 of 2nd period - Stopped by Anton Forsberg without a rebound.
9:13 of 2nd period - Lucas Wallmarkk wins face-off versus Zac Dalpe in Phantoms zone.
9:38 of 2nd period - Ryan Fitzgerald is hit by JC Lipon and loses puck.
9:47 of 2nd period - Wrist shot by Ryan Fitzgerald.
9:47 of 2nd period - Stopped by Anton Forsberg with a rebound.
10:01 of 2nd period - Luca Sbisa is hit by Nick Shore and loses puck.
10:16 of 2nd period - Slapshot by Luca Sbisa.
10:16 of 2nd period - Shot Misses the Net.
10:24 of 2nd period - Minor Penalty to Reid McNeill for Tripping.
10:25 of 2nd period - Michael Bournival wins face-off versus Zac Dalpe in Phantoms zone.
10:59 of 2nd period - Wrist shot by Zac Dalpe.
10:59 of 2nd period - Shot Blocked by Nick Shore.
11:01 of 2nd period - Slapshot by Tony DeAngelo.
11:01 of 2nd period - Deflect By Sven Andrighetto.
11:01 of 2nd period - Stopped by Anton Forsberg with a rebound.
11:03 of 2nd period - Wrist shot by Zac Dalpe.
11:03 of 2nd period - Shot Blocked by Devon Teows.
11:05 of 2nd period - Wrist shot by Zac Dalpe.
11:05 of 2nd period - Stopped by Anton Forsberg with a rebound.
11:07 of 2nd period - Wrist shot by Tony DeAngelo.
11:07 of 2nd period - Stopped by Anton Forsberg with a rebound.
11:09 of 2nd period - Snap shot by Marc Michaelis.
11:09 of 2nd period - Shot Blocked by Devon Teows.
11:11 of 2nd period - Wrist shot by Zac Dalpe.
11:11 of 2nd period - Stopped by Anton Forsberg without a rebound.
11:12 of 2nd period - Michael Bournival wins face-off versus Jared Knight in Phantoms zone.
11:27 of 2nd period - Wrist shot by Jared Knight.
11:27 of 2nd period - Shot Blocked by Rinat Valiev.
11:55 of 2nd period - Snap shot by Sven Andrighetto.
11:55 of 2nd period - Stopped by Eric Comrie without a rebound.
11:56 of 2nd period - Jared Knight wins face-off versus Michael Bournival in Monsters zone.
12:01 of 2nd period - Slapshot by Aaron Ness.
12:01 of 2nd period - Shot Misses the Net.
12:03 of 2nd period - Wrist shot by Aaron Ness.
12:03 of 2nd period - Shot Misses the Net.
12:19 of 2nd period - Tony DeAngelo is hit by Nick Shore and loses puck.
12:24 of 2nd period - Penalty to Reid McNeill is over, Reid McNeill is back on ice.
12:30 of 2nd period - Snap shot by Reid McNeill.
12:30 of 2nd period - Shot Misses the Net.
12:55 of 2nd period - Slapshot by Jared Knight.
12:55 of 2nd period - Shot Misses the Net.
13:21 of 2nd period - Wrist shot by Reid McNeill.
13:21 of 2nd period - Shot Misses the Net.
13:23 of 2nd period - Wrist shot by Nick Shore.
13:23 of 2nd period - Shot Misses the Net.
13:25 of 2nd period - Backhand shot by Nick Shore.
13:25 of 2nd period - Stopped by Eric Comrie with a rebound.
13:27 of 2nd period - Wrist shot by Sven Andrighetto.
13:27 of 2nd period - Deflect By Gerald Mayhew.
13:27 of 2nd period - Stopped by Eric Comrie without a rebound.
13:28 of 2nd period - Joe Snively wins face-off versus Zac Dalpe in Monsters zone.
13:29 of 2nd period - Snap shot by Erik Nystrom.
13:29 of 2nd period - Shot Blocked by Luca Sbisa.
13:31 of 2nd period - Slapshot by JC Lipon.
13:31 of 2nd period - Shot Misses the Net.
14:05 of 2nd period - Wrist shot by Richard Nejezchleb.
14:05 of 2nd period - Stopped by Anton Forsberg with a rebound.
14:07 of 2nd period - Wrist shot by Richard Nejezchleb.
14:07 of 2nd period - Shot Misses the Net.
14:09 of 2nd period - Backhand shot by Richard Nejezchleb.
14:09 of 2nd period - Stopped by Anton Forsberg without a rebound.
14:10 of 2nd period - Nathan Noel wins face-off versus Cristoval Nieves in Phantoms zone.
14:11 of 2nd period - Slapshot by Francis Perron.
14:11 of 2nd period - Shot Misses the Net.
14:35 of 2nd period - Erik Nystrom is hit by Austin Watson and loses puck.
15:40 of 2nd period - Icing by Richard Nejezchleb.
15:41 of 2nd period - Cristoval Nieves wins face-off versus Ryan Fitzgerald in Monsters zone.
16:03 of 2nd period - Wrist shot by Luca Sbisa.
16:03 of 2nd period - Stopped by Anton Forsberg without a rebound.
16:04 of 2nd period - Zac Dalpe wins face-off versus Lucas Wallmarkk in Phantoms zone.
16:33 of 2nd period - Off-side.
16:34 of 2nd period - Nick Shore wins face-off versus Jared Knight in neutral zone.
17:05 of 2nd period - Snap shot by Maxime Comtois.
17:05 of 2nd period - Shot Misses the Net.
17:07 of 2nd period - Snap shot by Ryan Fitzgerald.
17:07 of 2nd period - Stopped by Anton Forsberg without a rebound.
17:08 of 2nd period - Zac Dalpe wins face-off versus Lucas Wallmarkk in Phantoms zone.
18:07 of 2nd period - Slapshot by Ryan Fitzgerald.
18:07 of 2nd period - Stopped by Anton Forsberg with a rebound.
18:09 of 2nd period - Slapshot by Aaron Ness.
18:09 of 2nd period - Stopped by Anton Forsberg with a rebound.
18:15 of 2nd period - Minor Penalty to Blake Heinrich for Holding.
18:16 of 2nd period - Michael Bournival wins face-off versus Zac Dalpe in Phantoms zone.
Goals for this period are 0 for Monsters vs 0 for Phantoms.
Shots for this period are 14 for Monsters vs 8 for Phantoms.
3rd period
0:01 of 3rd period - Michael Bournival wins face-off versus Austin Watson in neutral zone.
0:10 of 3rd period - Slapshot by Tony DeAngelo.
0:10 of 3rd period - Shot Blocked by Devon Teows.
0:14 of 3rd period - Snap shot by Tony DeAngelo.
0:14 of 3rd period - Shot Blocked by Devon Teows.
0:15 of 3rd period - Penalty to Blake Heinrich is over, Blake Heinrich is back on ice.
0:16 of 3rd period - Slapshot by Tony DeAngelo.
0:16 of 3rd period - Shot Misses the Net.
0:26 of 3rd period - Tony DeAngelo is hit by Sven Andrighetto and loses puck.
0:31 of 3rd period - Wrist shot by Lucas Wallmarkk.
0:31 of 3rd period - Stopped by Eric Comrie without a rebound.
0:32 of 3rd period - Jared Knight wins face-off versus Nick Shore in Monsters zone.
0:32 of 3rd period - Jared Knight is hit by Rinat Valiev.
0:56 of 3rd period - Brenden Kichton is hit by Marc Michaelis and loses puck.
1:39 of 3rd period - Snap shot by Alex DeBrincat.
1:39 of 3rd period - Stopped by Eric Comrie with a rebound.
2:11 of 3rd period - Gerald Mayhew is hit by Sven Andrighetto and loses puck.
2:43 of 3rd period - Michael Bournival is hit by Maxime Comtois and loses puck.
3:34 of 3rd period - Tarmo Reunanen is hit by Nick Shore and loses puck.
3:55 of 3rd period - Snap shot by Zac Dalpe.
3:55 of 3rd period - Shot Blocked by Blake Heinrich.
4:25 of 3rd period - Morgan Klimchuk is hit by Austin Watson and loses puck.
4:44 of 3rd period - Snap shot by Michael Bournival.
4:44 of 3rd period - Stopped by Eric Comrie without a rebound.
4:45 of 3rd period - Nick Shore wins face-off versus Joakim Nordstrom in Monsters zone.
5:08 of 3rd period - Marc Michaelis is hit by JC Lipon and loses puck.
6:09 of 3rd period - Slapshot by Joe Snively.
6:09 of 3rd period - Stopped by Eric Comrie without a rebound.
6:10 of 3rd period - Cristoval Nieves wins face-off versus Ryan Fitzgerald in Monsters zone.
6:17 of 3rd period - Wrist shot by Michael Bournival.
6:17 of 3rd period - Shot Misses the Net.
6:27 of 3rd period - Michael Bournival is hit by Austin Watson and loses puck.
6:38 of 3rd period - Slapshot by Cristoval Nieves.
6:38 of 3rd period - Shot Misses the Net.
6:52 of 3rd period - Blake Heinrich is hit by Jared Knight and loses puck.
7:18 of 3rd period - Snap shot by Richard Nejezchleb.
7:18 of 3rd period - Shot Blocked by Blake Heinrich.
7:28 of 3rd period - Snap shot by Reid McNeill.
7:28 of 3rd period - Shot Blocked by Austin Watson.
7:36 of 3rd period - Snap shot by Zac Dalpe.
7:36 of 3rd period - Stopped by Anton Forsberg without a rebound.
7:37 of 3rd period - Lucas Wallmarkk wins face-off versus Jared Knight in Phantoms zone.
7:37 of 3rd period - Lucas Wallmarkk is hit by Joakim Nordstrom.
8:15 of 3rd period - Slapshot by Tony DeAngelo.
8:15 of 3rd period - Stopped by Anton Forsberg with a rebound.
8:49 of 3rd period - Slapshot by Nathan Noel.
8:49 of 3rd period - Stopped by Anton Forsberg with a rebound.
9:57 of 3rd period - Alex DeBrincat is hit by Francis Perron and loses puck.
11:19 of 3rd period - Wrist shot by Nick Shore.
11:19 of 3rd period - Stopped by Eric Comrie with a rebound.
12:10 of 3rd period - Matt Kiersted is hit by Aaron Ness and loses puck.
13:30 of 3rd period - Wrist shot by Lucas Wallmarkk.
13:30 of 3rd period - Stopped by Eric Comrie with a rebound.
13:32 of 3rd period - Slapshot by Cal Foote.
13:32 of 3rd period - Stopped by Eric Comrie with a rebound.
13:42 of 3rd period - Blake Heinrich is hit by Jared Knight and loses puck.
14:09 of 3rd period - Erik Nystrom is hit by Austin Watson and loses puck.
14:57 of 3rd period - Brenden Kichton is hit by Zac Dalpe.
16:20 of 3rd period - Minor Penalty to Blake Heinrich for Tripping.
16:21 of 3rd period - Zac Dalpe wins face-off versus Michael Bournival in Phantoms zone.
16:24 of 3rd period - Slapshot by Tony DeAngelo.
16:24 of 3rd period - Stopped by Anton Forsberg with a rebound.
16:26 of 3rd period - Snap shot by Zac Dalpe.
16:26 of 3rd period - Stopped by Anton Forsberg with a rebound.
16:36 of 3rd period - Brenden Kichton is hit by Zac Dalpe and loses puck.
16:51 of 3rd period - Michael Bournival is hit by Aaron Ness and loses puck.
18:20 of 3rd period - Penalty to Blake Heinrich is over, Blake Heinrich is back on ice.
18:40 of 3rd period - Slapshot by Morgan Klimchuk.
18:40 of 3rd period - Shot Misses the Net.
19:43 of 3rd period - Rinat Valiev is hit by Tarmo Reunanen and loses puck.
Goals for this period are 0 for Monsters vs 0 for Phantoms.
Shots for this period are 5 for Monsters vs 7 for Phantoms.